 Dungeon Crawl Stone Soup version 0.21.1-1-g345015f (webtiles) character file.

196 zishaf the Chucker (level 5, -1/55 HPs)
             Began as an Ogre Hunter on May 16, 2018.
             Slain by an adder (4 damage)
             ... on level 2 of the Dungeon.
             The game lasted 00:06:27 (3050 turns).

zishaf the Chucker (Ogre Hunter)                    Turns: 3050, Time: 00:06:27

Health: -1/55      AC:  3    Str: 16    XL:     5   Next: 75%
Magic:  5/5        EV: 10    Int: 12    God:
Gold:   101        SH:  0    Dex: 10    Spells: 4/4 levels left

rFire    . . .     SeeInvis .   a - +0 short sword
rCold    . . .     Gourm    .   (no shield)
rNeg     . . .     Faith    .   b - +0 robe
rPois    .         Spirit   .   (helmet restricted)
rElec    .         Reflect  .   (no cloak)
rCorr    .         Harm     .   (gloves unavailable)
MR       .....                  (boots unavailable)
Stlth    +.........             (no amulet)
HPRegen  0.18/turn              (no ring)
MPRegen  0.09/turn              (no ring)

@: lethally poisoned (-1 -> -17)
A: large, unfitting armour, tough skin 1
a: no special abilities


You were on level 2 of the Dungeon.
You were not hungry.

You visited 1 branch of the dungeon, and saw 3 of its levels.

You collected 101 gold pieces.

Inventory:

Hand Weapons
 a - a +0 short sword (weapon)
 c - a +0 club
Missiles
 l - 22 poisoned needles
 m - 7 stones (quivered)
 q - 4 needles of confusion
Armour
 b - a +0 robe (worn)
Scrolls
 g - a scroll of blinking {unknown}
 k - a scroll of random uselessness {unknown}
 n - 2 scrolls of identify {unknown}
 o - a scroll of noise {unknown}
 p - 2 scrolls of teleportation {unknown}
 r - a scroll of enchant weapon {unknown}
 t - a scroll of magic mapping {unknown}
Potions
 e - a potion of mutation {unknown}
 h - a potion of ambrosia
 i - a potion of heal wounds {unknown}
Comestibles
 f - 4 rations
 s - 2 chunks of flesh


   Skills:
 * Level 4.6 Fighting
 + Level 2.4 Maces & Flails
 + Level 5.2 Throwing
 - Level 2.0 Dodging
 - Level 0.6 Stealth


You had 4 spell levels left.
You didn't know any spells.

Dungeon Overview and Level Annotations

Branches:
Dungeon (3/15)

Altars:
Qazlal


Innate Abilities, Weirdness & Mutations

You are too large for most types of armour.
You have tough skin. (AC +1)


Message History

You are lethally poisoned!
The adder poisons you! The adder closely misses you.
You miss the adder.
The adder is severely wounded.
* * * LOW HITPOINT WARNING * * *
You feel sick. The adder barely misses you.
Unknown command.
You closely miss the adder.
The adder is severely wounded.
* * * LOW HITPOINT WARNING * * *
You feel sick. The adder bites you.
* * * LOW HITPOINT WARNING * * *
You are more poisoned.
The adder poisons you! The adder bites you.
* * * LOW HITPOINT WARNING * * *
You miss the adder.
The adder is severely wounded.
* * * LOW HITPOINT WARNING * * *
You feel sick. The adder bites you.
You die...

#.##.#..........#
#..#.#..........#
##.#.#..........#
#...#..........#
##..+..........#
####..#..........#
#.....[..........#
#....>...........#
#....@S#########.#
#...........####.#
#................#
#................###
#..................#
#...............##.#
######.......÷...#.#
###.....))..#.###
#####÷#...#....


You could see an adder.

Vanquished Creatures
  A howler monkey (D:3)
  An orc priest (D:3)
  5 adders
  2 dart slugs
  A leopard gecko (D:1)
  8 orcs
  6 bats
  3 giant cockroaches
  9 goblins
  8 hobgoblins
  4 jackals (D:1)
  10 kobolds
  4 frilled lizards
  8 rats
70 creatures vanquished.

Notes
Turn   | Place    | Note
-------+----------+-------------------------------------------
     0 | D:1      | zishaf the Ogre Hunter began the quest for the Orb.
     0 | D:1      | Reached XP level 1. HP: 22/22 MP: 1/1
   339 | D:1      | Reached XP level 2. HP: 30/31 MP: 2/2
   376 | D:1      | HP: 1/31 [hobgoblin/club (4)]
   964 | D:1      | Reached XP level 3. HP: 38/39 MP: 3/3
  1569 | D:2      | Reached skill level 1 in Maces & Flails
  1699 | D:2      | Reached XP level 4. HP: 41/48 MP: 4/4
  2285 | D:3      | Found a stormy altar of Qazlal.
  2290 | D:3      | Noticed an orc warrior
  2431 | D:3      | Reached skill level 5 in Throwing
  2431 | D:3      | Reached XP level 5. HP: 54/54 MP: 5/5
  2853 | D:3      | HP: 2/55 [orc/club (4)]
  3050 | D:2      | Slain by an adder

Skill      XL: |  1  2  3  4 |
---------------+-------------+-----
Fighting       | 3 4 |  4.6
Dodging        | 2 |  2.0
Maces & Flails | 1 2 |  2.4
Throwing       | 5 |  5.2
Stealth        | |  0.6

Action                   |  1- 3 |  4- 6 || total
-------------------------+-------+-------++-------
Melee: Short sword       |    99 |   136 ||   235
Throw: Large rock        |    18 |     7 ||    25
       Throwing net      |     3 |       ||     3
       Tomahawk          |    15 |    25 ||    40
       Stone             |       |    25 ||    25
  Use: Potion            |       |     2 ||     2
 Stab: Sleeping          |     1 |       ||     1
       Held in net/web   |     1 |       ||     1
  Eat: Chunk             |     3 |     4 ||     7
Armor: Robe              |    42 |    56 ||    98
Dodge: Dodged            |    72 |   110 ||   182
